 Dungeon Crawl Stone Soup version 0.23-a0-309-ge7838e6 (webtiles) character file.

1632 Geeful the Cleaver (level 8, 0/78 HPs)
             Began as a Hill Orc Abyssal Knight on Oct 10, 2018.
             Was a Priest of Lugonu.
             Slain by a troll (8 damage)
             ... on level 5 of the Dungeon on Oct 11, 2018.
             The game lasted 00:23:15 (4328 turns).

Geeful the Cleaver (Hill Orc Abyssal Knight)        Turns: 4328, Time: 00:23:16

Health: 0/78       AC: 12    Str: 17    XL:     8   Next: 98%
Magic:  11/11      EV:  7    Int: 12    God:    Lugonu [***...]
Gold:   153        SH:  0    Dex: 10    Spells: 7/7 levels left

rFire    . . .     SeeInvis .   p - +5 battleaxe (curse)
rCold    . . .     Gourm    .   (shield currently unavailable)
rNeg     . . .     Faith    .   d - +0 chain mail
rPois    .         Spirit   .   m - +0 helmet
rElec    .         Reflect  .   (no cloak)
rCorr    .         Harm     .   (no gloves)
MR       +....                  (no boots)
Stlth    ..........             (no amulet)
HPRegen  0.23/turn              f - ring of protection from magic
MPRegen  0.12/turn              g - +2 ring of protection

@: no status effects
A: no striking features
a: Depart the Abyss, Bend Space, Banish, Renounce Religion


You were on level 5 of the Dungeon.
You worshipped Lugonu.
Lugonu was most pleased with you.
You were not hungry.

You visited 1 branch of the dungeon, and saw 5 of its levels.
You visited the Abyss 1 time.

You collected 153 gold pieces.

Inventory:

Hand Weapons
 p - a cursed +5 battleaxe (weapon)
Armour
 d - a +0 chain mail (worn)
 m - a +0 helmet (worn)
Jewellery
 f - a ring of protection from magic (left hand)
 g - a +2 ring of protection (right hand)
 u - an uncursed ring of fire
Scrolls
 j - a scroll of amnesia
 o - 2 scrolls of remove curse
 q - a scroll of fear
 w - a scroll of blinking
Potions
 a - a potion of magic
 b - a potion of agility {unknown}
 e - a potion of flight {unknown}
 h - 2 potions of heal wounds
 i - a potion of ambrosia
 k - a potion of might {unknown}
 l - 2 potions of berserk rage {unknown}
 n - a potion of cancellation {unknown}
 r - a potion of mutation {unknown}
 t - a potion of curing
 v - a potion of brilliance {unknown}
Comestibles
 c - 7 rations
 s - a chunk of flesh


   Skills:
 - Level 9.3 Fighting
 - Level 9.7 Axes
 + Level 3.8 Armour
 - Level 1.0 Dodging
 + Level 4.4 Invocations


You had 7 spell levels left.
You didn't know any spells.
Your spell library contained the following spells:

 Spells                   Type           Power        Failure   Level  Hunger
 Corona                   Hex            #......      99%         1    ##.....
 Ensorcelled Hibernation  Hex/Ice        #.....       100%        2    ###....
 Confuse                  Hex            #.......     100%        3    ####...
 Dazzling Spray           Conj/Hex       #.....       100%        3    ####...
 Tukima's Dance           Hex            #.......     100%        3    ####...


Dungeon Overview and Level Annotations

Branches:
Dungeon (5/15)             Temple (0/1) D:5

Altars:
Sif Muna
The Shining One

Shops:
D:4 [

Annotations:
D:5 Blork the orc


Message History

You barely miss the troll.
The troll is severely wounded.
Something hits you but does no damage. The troll bites you.
* * * LOW HITPOINT WARNING * * *
The troll claws you!
* * * LOW HITPOINT WARNING * * *
The troll claws you but does no damage. Something hits you.
* * * LOW HITPOINT WARNING * * *
You feel much better. The troll bites you but does no damage.
The troll claws you.
* * * LOW HITPOINT WARNING * * *
The troll claws you but does no damage. Something hits you but does no damage.
You barely miss the troll.
The troll is severely wounded.
Something hits you.
* * * LOW HITPOINT WARNING * * *
The troll bites you!
* * * LOW HITPOINT WARNING * * *
The troll claws you!
You die...

#.## ..T.... ##.# ......
##### #..# .....
#...#######.## ...#
##.......##.# ##..#
####.......## ####...##
##...###....#
########.....o.# #....#
###..#####........#.##..#
#....#
#......@T{........# ..
#....#
##....###########.## ..
#...## #.....## # o.
#...# #......# .. #...#
#......# #. #..##
#......# #..# #......#
##########
#.######......# #8.......
#.............# #....⌠.⌠


You could see a troll.

Vanquished Creatures
  Pikel (D:5)
  Prince Ribbit (D:5)
  Sigmund (D:3)
  3 slaves (D:5)
  An ice beast (D:5)
  A big kobold (D:5)
  A scorpion (D:5)
  5 wights
  2 crimson imps (D:5)
  An orc priest (D:5)
  2 hounds
  An iguana (D:3)
  3 worker ants
  2 orc wizards (D:5)
  6 adders
  A howler monkey skeleton (D:4)
  2 worms (D:4)
  3 dart slugs
  3 leopard geckos
  7 orcs (D:5)
  2 ball pythons (D:2)
  8 bats
  3 giant cockroaches
  8 goblins
  6 hobgoblins
  3 jackals (D:4)
  3 quokkas
  2 frilled lizards
  6 kobolds
  9 rats
97 creatures vanquished.

Notes
Turn   | Place    | Note
-------+----------+-------------------------------------------
     0 | Abyss:1  | Geeful the Hill Orc Abyssal Knight began the quest for the
                  | Orb.
     0 | Abyss:1  | Reached XP level 1. HP: 19/19 MP: 2/2
    32 | Abyss:1  | Found a corrupted altar of Lugonu.
    99 | Abyss:1  | Noticed a neqoxec
   100 | D:1      | Escaped the Abyss
   108 | D:2      | Noticed a wight
   128 | D:1      | Reached skill level 1 in Dodging
   128 | D:1      | Reached XP level 2. HP: 25/27 MP: 3/3
   600 | D:1      | Reached * piety under Lugonu
   873 | D:2      | Killed a wight
   873 | D:2      | Reached XP level 3. HP: 34/34 MP: 5/5
   873 | D:2      | Reached XP level 4. HP: 41/41 MP: 6/6
   885 | D:1      | Reached skill level 5 in Fighting
  1001 | D:2      | Upgraded the game from 0.23-a0-308-gf318fe8 to
                  | 0.23-a0-309-ge7838e6
  1025 | D:2      | Reached skill level 5 in Axes
  1025 | D:2      | Reached XP level 5. HP: 48/48 MP: 7/7
  1137 | D:2      | Reached XP level 6. HP: 34/57 MP: 8/8
  1438 | D:2      | Reached ** piety under Lugonu
  1933 | D:3      | Found a glowing golden altar of the Shining One.
  1990 | D:3      | Noticed Sigmund
  2008 | D:3      | Killed Sigmund
  2008 | D:3      | Reached XP level 7. HP: 55/66 MP: 9/9
  2698 | D:4      | Found Rizxuj's Armour Shoppe.
  2920 | D:4      | Found a deep blue altar of Sif Muna.
  3176 | D:5      | Entered Level 5 of the Dungeon
  3238 | D:5      | Noticed a troll
  3749 | D:5      | Reached XP level 8. HP: 74/74 MP: 10/10
  3835 | D:5      | Reached *** piety under Lugonu
  3850 | D:5      | Noticed Pikel
  3864 | D:5      | Killed Pikel
  4098 | D:5      | Found a staircase to the Ecumenical Temple.
  4151 | D:5      | Noticed Prince Ribbit
  4171 | D:5      | Killed Prince Ribbit
  4300 | D:5      | Noticed Blork the orc
  4328 | D:5      | Slain by a troll

Vault maps used:
D:1:      dpeg_arrival_stonehenge_8_columns, supply_closet_lemuel,
          minmay_tromino_v4_b
D:3:      tso_metal_star, uniq_sigmund
D:4:      first_ration, serial_shops, shop, tgw_sif
D:5:      minmay_temple_entry_from_below_b, uniq_blork_the_orc,
          uniq_prince_ribbit1, uniq_duvessa, uniq_pikel

Skill      XL: |  1  2  3  4  5  6  7  8 |
---------------+-------------------------+-----
Dodging        | 1 |  1.0
Axes           | 4 5 7 8 9 |  9.7
Fighting       | 4 5 6 7 8 9 |  9.3
Invocations    | 4 |  4.4
Armour         | 3 |  3.8

Action                   |  1- 3 |  4- 6 |  7- 9 || total
-------------------------+-------+-------+-------++-------
Melee: Hand axe          |    68 |       |       ||    68
       Battleaxe         |       |   119 |   152 ||   271
Invok: Depart the Abyss  |     1 |       |       ||     1
  Use: Potion            |     2 |       |     1 ||     3
       Scroll            |     4 |     4 |     4 ||    12
  Eat: Chunk             |       |     4 |     7 ||    11
Armor: Leather armour    |    12 |       |       ||    12
       Chain mail        |    26 |    67 |   111 ||   204
Dodge: Dodged            |    42 |    44 |    73 ||   159

Table legend:
 A = Non-vault XP
 B = Vault XP
 C = Vault XP percentage of total XP
 D = Non-vault monster count
 E = Vault monster count
 F = Vault count percentage of total count
                 A         B        C        D         E       F
            +---------+---------+-------+---------+---------+-------
      Total |    1246 |    1086 |  46.6 |      89 |       5 |   5.3
            +---------+---------+-------+---------+---------+-------
        D:1 |      82 |       3 |   3.5 |      16 |       2 |  11.1
        D:2 |     294 |       0 |   0.0 |      24 |       0 |   0.0
        D:3 |      94 |     223 |  70.3 |      18 |       1 |   5.3
        D:4 |     153 |       0 |   0.0 |      10 |       0 |   0.0
        D:5 |     623 |     860 |  58.0 |      21 |       2 |   8.7
            +---------+---------+-------+---------+---------+-------
